 Dungeon Crawl Stone Soup version 0.29-a0-298-g3c90f9a769 (webtiles) character file.

Game seed: 8355309901463339819

25346 Anon1729 the Nimble (level 13, -1/97 HPs)
             Began as a Djinni Transmuter on Mar 23, 2022.
             Was a High Priest of Cheibriados.
             Slain by a six-headed hydra (5 damage)
             ... while petrified by a basilisk
             ... on level 2 of the Lair of Beasts.
             The game lasted 00:32:26 (16874 turns).

Anon1729 the Nimble (Djinni Transmuter)            Turns: 16874, Time: 00:32:27

Health: -1/97      AC:  4    Str: 29    XL:     13   Next: 49%
Gold:   655        EV:  2    Int: 33    God:    Cheibriados [*****.] SH:  0 Dex: 29

rFire   + + .      SeeInvis .     - Unarmed
rCold   x . .      Faith    .   (no shield)
rNeg    + + +      Spirit   .   J - +0 troll leather armour
rPois   ∞          Reflect  .   R - +0 hat
rElec   .          Harm     .   (no cloak)
rCorr   .          Rampage  .   (no gloves)
Will    +....                   (boots unavailable)
Stlth   ++........              (no amulet)
HPRegen 1.06/turn               m - +6 ring of strength
MPRegen 0.00/turn               o - +4 ring of evasion

@: petrified, flying, very slow
A: sickness immunity, fire resistance 2, cold vulnerability 1, float, innate
caster, HP casting, extra vitality 1
a: Renounce Religion, Bend Time, Temporal Distortion, Slouch, Step From Time


You were on level 2 of the Lair of Beasts.
You worshipped Cheibriados.
Cheibriados was extremely pleased with you.
You visited 3 branches of the dungeon, and saw 15 of its levels.
You also visited: Sewer and Ossuary.

You collected 655 gold pieces.

Inventory:

Hand Weapons
 I - a +3 scimitar of flaming
Missiles
 f - 5 javelins
 L - 4 curare-tipped darts
Armour
 e - the +2 buckler "Peete" {Dex+2}
   (You found it on level 2 of the Dungeon)

   Dex:       It affects your dexterity (+2).
 J - a +0 troll leather armour (worn)
 R - a +0 hat (worn)
Magical Staves
 g - a staff of air
Jewellery
 i - a ring of wizardry
 m - a +6 ring of strength (left hand)
 o - a +4 ring of evasion (right hand)
 N - a ring of protection from fire
 Q - a ring of resist corrosion
Wands
 r - a wand of charming (8)
 y - a wand of iceblast (14)
 A - a wand of flame (56)
 G - a wand of acid (6)
 P - a wand of paralysis (5)
Scrolls
 a - a scroll of identify
 c - 8 scrolls of teleportation
 d - 2 scrolls of silence
 h - 2 scrolls of brand weapon
 k - 3 scrolls of magic mapping
 l - 4 scrolls of vulnerability
 n - 2 scrolls of immolation
 s - 2 scrolls of fog
 v - 2 scrolls of fear
 w - a scroll of summoning {unknown}
 B - 6 scrolls of enchant armour
 E - 3 scrolls of amnesia
 F - 2 scrolls of blinking
 M - a scroll of holy word {unknown}
Potions
 b - 2 potions of lignification
 j - 3 potions of heal wounds
 p - 2 potions of cancellation
 q - a potion of brilliance {unknown}
 t - 2 potions of haste
 u - 5 potions of curing
 x - 4 potions of mutation
 z - 5 potions of attraction
 C - a potion of might
 D - a potion of invisibility {unknown}
 H - a potion of flight {unknown}
 K - a potion of degeneration {unknown}
 O - a potion of ambrosia {unknown}


   Skills:
 + Level 10.5 Fighting
 + Level 11.7 Dodging
 + Level 10.9 Unarmed Combat
 + Level 8.2 Spellcasting
 + Level 7.4 Invocations


You couldn't memorise any spells.
You knew the following spells:

 Your Spells              Type           Power      Damage    Failure   Level
a - Beastly Appendage     Tmut           100%       N/A       1%          1
b - Wereblood             Tmut           62%        N/A       1%          2
c - Spider Form           Tmut/Pois      62%        N/A       1%          3
d - Ice Form              Ice/Tmut       62%        N/A       1%          4
e - Shock                 Conj/Air       100%       1d9       1%          1
f - Scorch                Fire           100%       2d10      1%          2
g - Vampiric Draining     Necr           62%        2d10      1%          3
h - Flame Wave            Conj/Fire      62%        2d12      1%          4
i - Summon Lightning Spi  Summ/Air       62%        N/A       1%          4
j - Summon Mana Viper     Hex/Summ       62%        N/A       3%          5
Your spell library was empty.

Dungeon Overview and Level Annotations

Branches:
Dungeon (12/15)            Temple (1/1) D:6            Lair (2/6) D:9
  Sewer (visited)         Ossuary (visited)
  Swamp: Lair:2-4    Shoals: Lair:2-4     Snake: Lair:2-4    Spider: Lair:2-4
    Orc: D:9-12

Altars:
Ashenzari
Cheibriados
Dithmenos
Elyvilon
Fedhas
Gozag
Hepliaklqana
Kikubaaqudgha
Makhleb
Nemelex Xobeh
Okawaru
Qazlal
Ru
Sif Muna
Trog
Uskayaw
Vehumet
Wu Jian
Xom
Yredelemnul
Zin
The Shining One

Annotations:
D:12 Frances
Lair:2 exclusion: oklob plant


Innate Abilities, Weirdness & Mutations

You are immune to sickness and miasma.
You are immune to poison.
Your flesh is very heat resistant. (rF++)
You are vulnerable to cold. (rC-)
You float through the air rather than walking.
You learn spells naturally, not from books.
Your magical power is your life essence.
You have superior vitality. (+4 MHP)


Message History

Your mana viper disappears in a puff of smoke!
You have turned to stone.
Your lightning spire shoots out a bolt of lightning at the six-headed hydra!
The bolt of electricity hits the six-headed hydra!
The basilisk gazes at you.
The six-headed hydra bites your lightning spire but does no damage. x2
The six-headed hydra barely misses your lightning spire.
The six-headed hydra bites your lightning spire but does no damage.
The six-headed hydra bites your lightning spire.
The six-headed hydra bites your lightning spire but does no damage.
The six-headed hydra bites your lightning spire! x2
The six-headed hydra bites your lightning spire.
The six-headed hydra barely misses your lightning spire.
The six-headed hydra bites your lightning spire but does no damage.
The six-headed hydra bites your lightning spire.
The six-headed hydra bites your lightning spire but does no damage. x2
The six-headed hydra bites your lightning spire.
The six-headed hydra bites your lightning spire!
The six-headed hydra bites your lightning spire but does no damage.
The six-headed hydra bites your lightning spire!
Your lightning spire is destroyed!
Your lightning spire disappears in a puff of smoke!
The basilisk bites you! The basilisk bites you.
The six-headed hydra bites you! x2
The six-headed hydra bites you. The six-headed hydra bites you! x3
The basilisk bites you! The six-headed hydra bites you! x6
* * * LOW HITPOINT WARNING * * *
The basilisk bites you!
* * * LOW HITPOINT WARNING * * *
The six-headed hydra bites you but does no damage.
The six-headed hydra bites you!
* * * LOW HITPOINT WARNING * * *
The six-headed hydra bites you!
* * * LOW HITPOINT WARNING * * *
The six-headed hydra bites you.
* * * LOW HITPOINT WARNING * * *
The six-headed hydra bites you!
* * * LOW HITPOINT WARNING * * *
The six-headed hydra bites you!
You die...

. ###....##.....### ..
.#.P.##.##.......## ...
.................P# ....
#..............### P....
#.................
......###...##........#..
.........##.##........#..
.......#D##.##...........
.......l@...(###(##..##..
.........................
.....................#...
.......#........^........
######.###P....P#P..##...
## #....###...P#...
#..#........#...
#..#.........##.
##..##....[......


You could see a six-headed hydra and a basilisk.

Vanquished Creatures
  A boulder beetle (D:11)
  5 two-headed ogres
  Erica (D:8)
  Sonja (D:10)
  Pikel (D:7)
  A harpy (shapeshifter) (D:11)
  Joseph (D:7)
  3 black mambas
  Maggie (D:8)
  3 cane toads (Lair:1)
  A gargoyle (D:11)
  An unseen horror (D:10)
  3 kobold demonologists
  3 komodo dragons (Lair:1)
  2 trolls
  Prince Ribbit (D:8)
  2 hornets (D:9)
  5 blink frogs (Lair:1)
  A ynoxinul (D:9)
  2 wraiths
  A wyvern (Lair:1)
  A shadow (D:7)
  20 yaks
  4 basilisks
  Grum (D:11)
  A steam dragon (D:7)
  3 vampire mosquitoes (D:10)
  2 water moccasins
  4 orc warriors
  A sky beast (D:7)
  2 ogres
  An ice beast (D:7)
  2 black bears
  7 wolves
  6 centaurs
  A lemure (D:7)
  A kobold brigand (D:11)
  11 bullfrogs
  An elf zombie (D:8)
  A gnoll sergeant (D:6)
  4 necrophages
  6 scorpions
  3 wights (D:6)
  9 killer bees
  4 howler monkeys (D:8)
  A crimson imp (D:7)
  3 hounds
  4 orc priests
  2 human skeletons (D:8)
  Ijyb (D:4)
  5 orc wizards
  A hell rat (Sewer)
  2 iguanas (D:4)
  A mummy (Ossuary)
  3 gnolls (D:6)
  8 adders
  3 river rats (Sewer)
  A shadow imp (D:6)
  4 white imps
  4 ufetubi
  32 orcs
  5 ball pythons
  5 endoplasms
  7 giant cockroaches
  8 goblins
  3 hobgoblins
  4 jackals (D:3)
  5 quokkas
  5 bats
  4 frilled lizards
  7 gnoll skeletons (Ossuary)
  21 kobolds
  7 kobold skeletons (Ossuary)
  12 orc skeletons
  2 orc zombies (D:8)
  14 rats
  A butterfly (Lair:1)
321 creatures vanquished.

Vanquished Creatures (collateral kills)
  Gastronok (Lair:1)
  Snorg (D:11)
  A two-headed ogre (D:10)
  A komodo dragon (Lair:1)
  2 shadows
  3 centaurs
  2 wolves (Lair:1)
  2 bullfrogs
  An orc wizard (D:10)
14 creatures vanquished.

Vanquished Creatures (others)
  13 fungi
  12 plants
25 creatures vanquished.

Grand Total: 360 creatures vanquished

Notes
Turn   | Place    | Note
-------+----------+-------------------------------------------
     0 | D:1      | Anon1729 the Djinni Transmuter began the quest for the Orb.
     0 | D:1      | Reached XP level 1. HP: 17/17 MP: 0/0
     0 | D:1      | Noticed a minotaur skeleton
     0 | D:1      | Noticed a troll
     3 | D:1      | Noticed a tengu
     7 | D:1      | Noticed a naga
    10 | D:1      | Noticed an octopode
    12 | D:1      | Noticed a troll
    16 | D:1      | Noticed a vine stalker
    16 | D:1      | Noticed a merfolk
   473 | D:1      | Reached XP level 2. HP: 18/22 MP: 0/0
   640 | D:1      | Found a faded altar of an unknown god.
  1417 | D:2      | Noticed a necrophage
  1441 | D:2      | Killed a necrophage
  1442 | D:2      | Reached skill level 3 in Dodging
  1442 | D:2      | Reached XP level 3. HP: 6/28 MP: 0/0
  1442 | D:2      | Learned a level 1 spell: Shock
  1442 | D:2      | Reached XP level 4. HP: 7/33 MP: 0/0
  1450 | D:2      | Identified the +2 buckler "Peete" {Dex+2}
  1747 | D:2      | Found a snail-covered altar of Cheibriados.
  1884 | D:2      | Reached XP level 5. HP: 26/38 MP: 0/0
  1884 | D:2      | Learned a level 2 spell: Scorch
  2667 | D:3      | Found a glowing drain.
  2869 | Sewer    | Entered a sewer
  3210 | Sewer    | Reached XP level 6. HP: 29/45 MP: 0/0
  4345 | D:4      | Reached skill level 4 in Dodging
  4848 | D:4      | Reached XP level 7. HP: 46/50 MP: 0/0
  4848 | D:4      | Learned a level 3 spell: Vampiric Draining
  4905 | D:4      | Noticed Ijyb
  4916 | D:4      | Killed Ijyb
  5657 | D:5      | Entered Level 5 of the Dungeon
  5695 | D:5      | Reached skill level 5 in Unarmed Combat
  5888 | D:5      | Found a white marble altar of Elyvilon.
  6098 | D:5      | Reached XP level 8. HP: 57/58 MP: 0/0
  6250 | D:5      | Reached skill level 5 in Dodging
  6557 | D:6      | Found a staircase to the Ecumenical Temple.
  6578 | Temple   | Entered the Ecumenical Temple
  7063 | Temple   | Became a worshipper of Cheibriados the Contemplative
  7508 | D:6      | Reached skill level 5 in Fighting
  7510 | D:6      | Reached skill level 6 in Dodging
  7511 | D:6      | Reached XP level 9. HP: 25/65 MP: 0/0
  7511 | D:6      | Learned a level 4 spell: Flame Wave
  8057 | D:7      | Reached * piety under Cheibriados
  8531 | D:7      | Noticed a kobold demonologist
  8553 | D:7      | Noticed a hellwing
  8562 | D:7      | Killed a kobold demonologist
  8563 | D:7      | Reached skill level 7 in Dodging
  8892 | D:7      | Reached skill level 5 in Spellcasting
  8958 | D:7      | Noticed Pikel
  8978 | D:7      | Killed Pikel
  8979 | D:7      | Reached XP level 10. HP: 13/73 MP: 0/0
  9299 | D:7      | Found an iron altar of Okawaru.
  9384 | D:7      | Noticed Joseph
  9452 | D:7      | Killed Joseph
  9673 | D:7      | Reached skill level 8 in Dodging
  9889 | D:8      | Noticed Prince Ribbit
  9897 | D:8      | Killed Prince Ribbit
 10143 | D:8      | Found a sand-covered staircase.
 10149 | Ossuary  | Entered an ossuary
 10168 | Ossuary  | Reached ** piety under Cheibriados
 10693 | D:8      | Noticed Erica
 10706 | D:8      | Killed Erica
 10707 | D:8      | Reached skill level 1 in Invocations
 11344 | D:8      | Noticed a two-headed ogre
 11356 | D:8      | Killed a two-headed ogre
 11357 | D:8      | Reached XP level 11. HP: 45/80 MP: 0/0
 11357 | D:8      | Learned a level 4 spell: Summon Lightning Spire
 11628 | D:8      | Noticed Maggie
 11636 | D:8      | Killed Maggie
 11932 | D:9      | Reached skill level 9 in Dodging
 12120 | D:9      | Found a bloodstained altar of Trog.
 12201 | D:9      | Found an opulent altar of Gozag.
 12224 | D:9      | Reached *** piety under Cheibriados
 12294 | D:9      | Noticed a two-headed ogre
 12307 | D:9      | Killed a two-headed ogre
 12373 | D:9      | Found a burning altar of Makhleb.
 12409 | D:9      | Noticed a two-headed ogre
 12415 | D:9      | Killed a two-headed ogre
 12466 | D:9      | Found a staircase to the Lair.
 12566 | D:10     | Entered Level 10 of the Dungeon
 12576 | D:10     | Noticed a two-headed ogre
 12581 | D:10     | Noticed Sonja
 12582 | D:10     | Killed a two-headed ogre
 12585 | D:10     | Killed Sonja
 12705 | D:10     | Reached XP level 12. HP: 46/88 MP: 0/0
 12821 | D:10     | Reached **** piety under Cheibriados
 12953 | D:10     | Reached skill level 10 in Dodging
 13116 | D:10     | Noticed a two-headed ogre
 13123 | D:10     | Killed a two-headed ogre
 13124 | D:10     | Reached skill level 5 in Invocations
 13945 | D:11     | Noticed Grum
 13957 | D:11     | Killed Grum
 13991 | D:11     | Noticed Snorg
 13997 | D:11     | Killed Snorg
 14053 | D:11     | Reached skill level 10 in Unarmed Combat
 14359 | D:11     | Noticed a two-headed ogre
 14367 | D:11     | Killed a two-headed ogre
 14473 | D:11     | Noticed a boulder beetle
 14481 | D:11     | Killed a boulder beetle
 14681 | D:11     | Reached ***** piety under Cheibriados
 15034 | D:12     | Noticed Frances
 15036 | D:12     | Noticed a six-headed hydra
 15036 | D:12     | Noticed a sun demon
 15242 | Lair:1   | Entered Level 1 of the Lair of Beasts
 15264 | Lair:1   | Reached skill level 11 in Dodging
 15265 | Lair:1   | Reached XP level 13. HP: 95/96 MP: 0/0
 15265 | Lair:1   | Learned a level 5 spell: Summon Mana Viper
 15372 | Lair:1   | Reached skill level 10 in Fighting
 16267 | Lair:2   | Noticed a six-headed hydra
 16468 | Lair:2   | Noticed Gastronok
 16589 | Lair:1   | Killed Gastronok
 16874 | Lair:2   | HP: 4/97 [six-headed hydra (5)]
 16874 | Lair:2   | Slain by a six-headed hydra

Illustrated notes

Levels and vault maps discovered:
D:1:      shiori_arrival_whats_in_store_for_you, layout_basic,
          hellmonk_ecumenical_altar_arch_garden, minmay_pentomino_r2
D:2:      layout_basic, basic_altar, st_stairs_6, kennysheep_generic_room_13
D:3:      minmay_general_purpose_star, layout_loops_ring, gup_sewer_entry_glass,
          nicolae_concentric_dashed_squares_mild
D:4:      layout_basic, minmay_diced_spiral, uniq_ijyb
D:5:      layout_rooms, elyvilon_altar_3
D:6:      layout_basic, temple_statues, st_stairs_6
D:7:      layout_gridville, okawaru_metal_pillars_1_2, minmay_fire_ice_demons,
          uniq_joseph, uniq_pikel
D:8:      layout_loops_ring, kiku_gazebo_garden_becter,
          nicolae_ossuary_entry_catacombs, uniq_prince_ribbit1, uniq_erica,
          uniq_maggie
D:9:      layout_basic, nzn_overflow_gifts_of_might_and_magic,
          grunt_gozag_statues, amcnicky_altar_gilded,
          grunt_lair_entry_orc_guard_hut
D:10:     layout_basic, uniq_sonja
D:11:     layout_stronghold, minmay_unpleasant_kobolds, uniq_snorg, uniq_grum
D:12:     layout_rooms, david_orc_4, portal_ice_cave_demonic_guard, uniq_kirke,
          uniq_lodul, uniq_erolcha, uniq_frances
Temple:   regret_index_temple_generic_petals
Lair:1:   layout_hall_layers, lemuel_fruit_fields, grunt_megastairs_2
Lair:2:   minmay_lair_oklob_chamber, layout_gridlike, forest_entry_grove,
          uniq_gastronok

Skill      XL: |  1  2  3  4  5  6  7  8  9 10 11 12 13 |
---------------+----------------------------------------+-----
Fighting       | 2 3 4 5 6 7 8 9 10 | 10.5
Dodging        | 3 4 6 7 8 9 11 | 11.7
Spellcasting   | 2 3 4 5 6 7 8 |  8.2
Unarmed Combat | 4 5 6 7 8 9 10 | 10.9
Invocations    | 2 4 6 7 |  7.4

Action                   |  1- 3 |  4- 6 |  7- 9 | 10-12 | 13-15 || total
-------------------------+-------+-------+-------+-------+-------++-------
Melee: Unarmed           |    81 |    74 |   133 |   156 |    17 ||   461
       Headbutt          |    13 |     7 |     8 |     1 |       ||    29
       Punch             |     4 |     3 |     9 |    12 |     2 ||    30
Throw: Dart              |       |       |       |     5 |       ||     5
       Javelin           |       |       |       |     3 |       ||     3
 Cast: Beastly Appendage |    17 |     8 |     4 |     2 |       ||    31
       Shock             |       |   127 |    17 |     5 |       ||   149
       Scorch            |       |    15 |    10 |    31 |     4 ||    60
       Vampiric Draining |       |       |    78 |   216 |   111 ||   405
       Wereblood         |       |       |     1 |     2 |       ||     3
       Flame Wave        |       |       |    18 |    15 |       ||    33
       Ice Form          |       |       |     2 |     4 |       ||     6
       Spider Form       |       |       |     1 |     2 |       ||     3
       Summon Lightning  |       |       |       |    17 |     2 ||    19
       Summon Mana Viper |       |       |       |       |     5 ||     5
Invok: Bend Time         |       |       |       |     1 |       ||     1
       Slouch            |       |       |       |     1 |       ||     1
 Abil: End Transformatio |       |       |     1 |       |       ||     1
Evoke: Wand              |       |       |       |     3 |       ||     3
  Use: Potion            |     1 |       |     1 |     1 |       ||     3
       Scroll            |       |       |       |    17 |     2 ||    19
 Stab: Sleeping          |       |     1 |       |     4 |       ||     5
Armor: Robe              |     9 |    18 |    22 |     8 |       ||    57
       Skin              |       |       |    12 |     3 |       ||    15
       Troll leather arm |       |       |       |    25 |    14 ||    39
Dodge: Dodged            |    54 |   107 |   213 |   440 |   213 ||  1027

Table legend: (Time is in decaauts)
 A = Elapsed time spent in this place.
 B = Non-inter-level travel time spent in this place.
 C = Inter-level travel time spent in this place.
 D = Time resting spent in this place.
 E = Time spent auto-exploring this place.
 F = Levels seen in this place.
 G = Mean time per level.
                   A        B        C        D        E       F      G
               +--------+--------+--------+--------+--------+-----+--------+
         Total |  20235 |  19352 |    883 |   2344 |  14070 |  17 | 1190.3 |
       Dungeon |  16200 |  15482 |    718 |   1792 |  11627 |  12 | 1350.0 |
        Temple |    516 |    447 |     69 |      0 |    290 |   1 |  516.0 |
          Lair |   2665 |   2570 |     95 |    141 |   1952 |   2 | 1332.5 |
         Sewer |    466 |    466 |      0 |    350 |     26 |   1 |  466.0 |
       Ossuary |    386 |    386 |      0 |     61 |    175 |   1 |  386.0 |
               +--------+--------+--------+--------+--------+-----+--------+

Top non-repeatable levels by time:
    D:11: 2234 daAuts
     D:7: 2021 daAuts
     D:8: 1883 daAuts
  Lair:1: 1880 daAuts
    D:10: 1753 daAuts
     D:2: 1614 daAuts
     D:4: 1342 daAuts
     D:3: 1231 daAuts
     D:9: 1153 daAuts
     D:6: 1058 daAuts
     D:1: 988 daAuts
     D:5: 893 daAuts
  Lair:2: 785 daAuts
  Temple: 516 daAuts
   Sewer: 466 daAuts
